 Dungeon Crawl Stone Soup version 0.31-a0-960-g0fca184906 (webtiles) character file.

Game seed: 9447070229792461813

485 Ekaitz the Digger (level 6, -8/34 HPs)
             Began as a Deep Elf Earth Elementalist on Oct 24, 2023.
             Was an Initiate of Vehumet.
             Mangled by a gnoll
             ... wielding a +0 flail
             ... led by a gnoll bouda
              (12 damage)
             ... on level 4 of the Dungeon.
             The game lasted 00:12:29 (3747 turns).

Ekaitz the Digger (Deep Elf Earth Elementalist)     Turns: 3747, Time: 00:12:29

Health: -8/34      AC:  2    Str:  7    XL:     6   Next: 88%
Magic:  0/15       EV: 13    Int: 20    God:    Vehumet [......]
Gold:   88         SH:  0    Dex: 15    Spells: 0/14 levels left

rFire   . . .        a - +2 short sword (flame)
rCold   . . .        (no shield)
rNeg    . . .        j - +0 robe
rPois   +            (no helmet)
rElec   .            (no cloak)
rCorr   .            (no gloves)
SInv    .            (no boots)
Will    .....        (no amulet)
Stlth   ++           k - ring of wizardry
HPRegen 0.25/turn    m - ring of poison resistance
MPRegen 0.14/turn

%: wizardry (x1)
@: brilliant, weakened
A: no striking features
a: Renounce Religion


You were on level 4 of the Dungeon.
You worshipped Vehumet.
Vehumet was noncommittal.
You visited 1 branch of the dungeon, and saw 4 of its levels.

You collected 88 gold pieces.

Inventory:

Hand Weapons
 a - a +2 short sword of flaming (weapon)
 f - a +0 dagger of protection
 s - a +0 short sword of venom
Missiles
 e - 5 poisoned darts
Armour
 j - a +0 robe (worn)
Jewellery
 k - a ring of wizardry (left hand)
 m - a ring of poison resistance (right hand)
 z - a ring of ice
Talismans
 x - a blade talisman
Wands
 t - a wand of polymorph (8)
Scrolls
 d - a scroll of fear {unknown}
 i - 4 scrolls of teleportation {unknown}
 l - a scroll of poison {unknown}
 p - 3 scrolls of identify {unknown}
 r - a scroll of amnesia {unknown}
 u - a scroll of revelation {unknown}
 v - a scroll of acquirement {unknown}
 w - a scroll of blinking {unknown}
 y - a scroll of noise {unknown}
Potions
 b - 2 potions of magic
 c - 4 potions of lignification {unknown}
 h - 2 potions of brilliance
 n - a potion of haste {unknown}
 o - 2 potions of enlightenment {unknown}
 q - a potion of berserk rage {unknown}


   Skills:
 * Level 1.6 Fighting
 + Level 1.1 Short Blades
 * Level 3.7 Dodging
 + Level 3.6 Stealth
 + Level 4.7 Spellcasting
 * Level 2.3 Conjurations
 + Level 1.7 Transmutations
 * Level 5.6 Earth Magic


You couldn't memorise any spells.
You knew the following spells:

 Your Spells              Type           Power      Damage    Failure   Level
a - Sandblast             Erth           82%        2d17      1%          1
b - Passwall              Tmut/Erth      24%        N/A       1%          2
c - Stone Arrow           Conj/Erth      62%        3d10      2%          3
d - Brom's Barrelling Bo  Conj/Erth      31%        2d5       9%          4
e - Petrify               Tmut/Erth      29%        N/A       11%         4

Your spell library contained the following spells:

 Spells                   Type           Power      Damage    Failure   Level
 Sublimation of Blood     Necr           7%         N/A       8%          2
 Summon Guardian Golem    Hex/Summ       7%         N/A       14%         3
 Irradiate                Conj/Tmut      9%         3d14      47%         5
 Conjure Ball Lightning   Conj/Air       7%         3x3d6     98%         6
 Orb of Destruction       Conj           10%        9d6       100%        7
 Spellforged Servitor     Conj/Summ      7%         N/A       100%        7
 Discord                  Hex            3%         N/A       100%        8
 Disjunction              Tloc           3%         N/A       100%        8


Dungeon Overview and Level Annotations

Branches:
Dungeon (4/15)             Temple (0/1) D:4

Altars:
Vehumet

Annotations:
D:4 1 transporter


Message History

The gnoll hits you with a +0 flail!
The gnoll bouda prays to its god.
The gnoll bouda is healed somewhat.
You barely miss the gnoll.
The gnoll is almost dead.
The gnoll hits you with a +0 flail!
Unknown command.
You barely miss the gnoll bouda.
The gnoll bouda is heavily wounded.
The gnoll hits you with a +0 flail!
Unknown command.
A gnoll comes into view. It is wielding a +0 halberd.
The gnoll shouts!
You hear a shout!
The gnoll bouda attacks as it pursues you!
The gnoll bouda hits you with a +0 club!
* * * LOW HITPOINT WARNING * * *
Unknown command.
Okay, then.
It was a potion of cancellation.
Your magical effects are unravelling.
You feel magically purged.
Your attacks no longer feel as feeble.
The gnoll bouda barks out a call to the hunt!
The gnoll picks up the pace!
It was a potion of brilliance.
You feel clever all of a sudden.
The gnoll bouda gazes fiercely through you!
You feel your attacks grow feeble. The gnoll bouda closely misses you.
A gnoll comes into view. It is wielding a +0 club.
Casting: Sandblast (safe; 1% risk of failure)
Confirm with . or Enter, or press ? or * to list all spells.
Aiming: Sandblast (safe; 1% risk of failure)
Press: ? - help, Shift-Dir - straight line, f/p - gnoll bouda
Aim: a gnoll bouda, wielding a +0 club and wearing a +0 leather armour (heavily wounded, 87% to hit)
You feel a surge of power!
The blast of sand hits the gnoll bouda!
You kill the gnoll bouda!
Vehumet accepts your kill. The gnoll hits you with a +0 flail!
You die...

[+/©#© .# #...#
##.### ##..#
######### #..##
.....g).#####.##
##...##..#
#g.[.##.######
#g##.>.........
#@#........###.
#...#...##..#
#....#.#..#.#
#.#.g#....#.#
#..##....#. .
#.. .>..... .
#[. ...## ..
#.#. #g


You could see 4 gnolls.

Vanquished Creatures
  Sigmund (D:3)
  A scorpion (D:3)
  An orc priest (D:4)
  A gnoll bouda (D:4)
  A jelly (D:4)
  Terence (D:2)
  Natasha (thrice) (D:2)
  2 gnolls (D:4)
  4 adders
  A dart slug (D:3)
  4 orcs (D:4)
  7 ball pythons
  5 bats
  6 endoplasms
  3 giant cockroaches (D:2)
  3 goblins (D:1)
  3 hobgoblins (D:1)
  5 quokkas
  2 frilled lizards
  8 kobolds
  5 rats (D:1)
67 creatures vanquished.

Vanquished Creatures (collateral kills)
  A boulder (D:2)
1 creature vanquished.

Grand Total: 68 creatures vanquished

Notes
Turn   | Place    | Note
-------+----------+-------------------------------------------
     0 | D:1      | Ekaitz the Deep Elf Earth Elementalist began the quest for
                  | the Orb.
     0 | D:1      | Reached XP level 1. HP: 10/10 MP: 6/6
   173 | D:1      | Reached XP level 2. HP: 15/15 MP: 6/8
   176 | D:1      | Learned a level 2 spell: Passwall
   299 | D:1      | Reached skill level 4 in Earth Magic
   559 | D:1      | Found a faded altar of an unknown god.
   963 | D:2      | Reached XP level 3. HP: 19/19 MP: 7/9
   967 | D:2      | Learned a level 3 spell: Stone Arrow
  1259 | D:2      | Noticed Natasha
  1274 | D:2      | Killed Natasha
  1275 | D:2      | Reached skill level 1 in Conjurations
  1275 | D:2      | Reached XP level 4. HP: 5/24 MP: 0/11
  1370 | D:2      | Noticed Terence
  1377 | D:2      | Learned a level 4 spell: Brom's Barrelling Boulder
  1429 | D:2      | Killed Terence
  1586 | D:2      | Noticed Natasha
  1592 | D:2      | Killed Natasha
  1790 | D:2      | Reached XP level 5. HP: 28/28 MP: 11/13
  1793 | D:2      | Noticed Natasha
  1800 | D:2      | Killed Natasha
  1801 | D:2      | Reached skill level 1 in Fighting
  2088 | D:3      | Reached skill level 5 in Earth Magic
  2172 | D:3      | Noticed Sigmund
  2766 | D:3      | Found a radiant altar of Vehumet.
  2770 | D:3      | Became a worshipper of Vehumet
  3164 | D:3      | Killed Sigmund
  3165 | D:3      | Reached XP level 6. HP: 22/34 MP: 8/14
  3328 | D:3      | Learned a level 4 spell: Petrify
  3441 | D:4      | Reached skill level 1 in Short Blades
  3499 | D:4      | Found a transporter.
  3722 | D:4      | Found a staircase to the Ecumenical Temple.
  3747 | D:4      | Mangled by a gnoll

Illustrated notes

Levels and vault maps discovered:
D:1:      lightli_arrival_maybe_door_vault, layout_loops_cross,
          dreamdust_ecumenical_altar_hidden_monk_grotto, chequers_jeans
D:2:      layout_loops_ring, minmay_circled_x, uniq_natasha, uniq_terence
D:3:      layout_basic, mainiacjoe_overflow_boulevard, uniq_sigmund
D:4:      gammafunk_wand_slinger, layout_basic, mainiacjoe_overflow_alcove_1,
          minmay_temple_entry_mini_moons

Skill      XL: |  1  2  3  4  5  6 |
---------------+-------------------+-----
Earth Magic    | 4 5 |  5.6
Conjurations   | 1 2 |  2.3
Dodging        | 3 |  3.7
Stealth        | 3 |  3.6
Spellcasting   | 4 |  4.7
Fighting       | 1 |  1.6
Short Blades   | 1 |  1.1
Transmutations | |  1.7

Action                     |  1- 3 |  4- 6 || total
---------------------------+-------+-------++-------
  Melee: Dagger            |    14 |       ||    14
         Short sword       |       |    21 ||    21
         Punch             |       |     1 ||     1
   Cast: Sandblast         |    40 |    13 ||    53
         Passwall          |     9 |     8 ||    17
         Stone Arrow       |     2 |    22 ||    24
         Brom's Barrelling |       |     1 ||     1
    Use: Potion            |       |     2 ||     2
   Stab: Sleeping          |     7 |     6 ||    13
 Armour: Robe              |    20 |    12 ||    32
  Dodge: Dodged            |    22 |    10 ||    32

Table legend: (Time is in decaauts)
 A = Elapsed time spent in this place.
 B = Non-inter-level travel time spent in this place.
 C = Inter-level travel time spent in this place.
 D = Time resting spent in this place.
 E = Time spent auto-exploring this place.
 F = Levels seen in this place.
 G = Mean time per level.
                   A        B        C        D        E       F      G
               +--------+--------+--------+--------+--------+-----+--------+
         Total |   3769 |   3703 |     66 |    377 |   2692 |   4 |  942.2 |
       Dungeon |   3769 |   3703 |     66 |    377 |   2692 |   4 |  942.2 |
               +--------+--------+--------+--------+--------+-----+--------+

Top non-repeatable levels by time:
     D:3: 1345 daAuts
     D:2: 1128 daAuts
     D:1: 962 daAuts
     D:4: 332 daAuts
